 Dungeon Crawl Stone Soup version 0.30-a0-778-g2ef04afb54 (webtiles) character file.

Game seed: 3034841630360920049

107 funkygono the Firebug (level 4, -2/27 HPs)
             Began as an Octopode Fire Elementalist on Feb 16, 2023.
             Killed from afar by an orc wizard (6 damage)
             ... with a magic dart
             ... on level 3 of the Dungeon.
             The game lasted 00:03:35 (2512 turns).

funkygono the Firebug (Octopode Fire Elementalist)  Turns: 2512, Time: 00:03:36

Health: -2/27      AC:  1    Str:  7    XL:     4   Next: 86%
Magic:  8/8        EV: 14    Int: 31    God:
Gold:   70         SH:  0    Dex: 18    Spells: 3/9 levels left

rFire   . . .      SeeInvis .    q - +0 long sword
rCold   . . .      Faith    .    (no shield)
rNeg    . . .      Spirit   .    (helmet restricted)
rPois   .          Reflect  .    (no amulet)
rElec   .          Harm     .    f - +6 ring of intelligence
rCorr   .          Rampage  .    n - +6 ring of intelligence
Will    .....                    s - +6 ring of dexterity
Stlth   +++                      (no ring)
HPRegen 0.24/turn                (no ring)
MPRegen 0.11/turn                (no ring)
                                 (no ring)
                                 (no ring)

@: no status effects
A: almost no armour, amphibious, 8 rings, camouflage 1, gelatinous body 1,
(nimble swimmer 1), tentacles
a: no special abilities


You were on level 3 of the Dungeon.
You visited 1 branch of the dungeon, and saw 3 of its levels.

You collected 70 gold pieces.

Inventory:

Hand Weapons
 g - a +1 dagger of draining
 i - a +0 dagger
 q - a +0 long sword (weapon)
Jewellery
 f - a +6 ring of intelligence (left tentacle)
 n - a +6 ring of intelligence (right tentacle)
 s - a +6 ring of dexterity (on tentacle)
Scrolls
 b - 4 scrolls of identify {unknown}
 c - a scroll of fog {unknown}
 d - 3 scrolls of teleportation {unknown}
 e - a scroll of silence {unknown}
 h - a scroll of vulnerability {unknown}
 l - a scroll of brand weapon {unknown}
 p - a scroll of noise {unknown}
 t - a scroll of immolation {unknown}
Potions
 j - a potion of heal wounds {unknown}
 k - a potion of might {unknown}
 m - a potion of flight {unknown}
 o - 2 potions of curing {unknown}
 r - a potion of degeneration {unknown}
 u - a potion of cancellation {unknown}


   Skills:
 + Level 2.3 Dodging
 - Level 2.6 Stealth
 + Level 3.1 Spellcasting
 + Level 1.9 Conjurations
 + Level 4.1 Fire Magic


You had 3 spell levels left.
You knew the following spells:

 Your Spells              Type           Power      Damage    Failure   Level
a - Foxfire               Conj/Fire      92%        2x1d8     1%          1
b - Scorch                Fire           60%        2d8       1%          2
c - Kindle Blastsparks    Fire/Tloc/Air  26%        2d12      12%         3

Your spell library contained the following spells:

 Spells                   Type           Power      Damage    Failure   Level
 Inner Flame              Hex/Fire       17%        N/A       9%          3
 Frozen Ramparts          Ice            8%         1d2       21%         3
 Flame Wave               Conj/Fire      23%        2d8       19%         4
 Ice Form                 Ice/Tmut       4%         N/A       54%         4
 Summon Ice Beast         Ice/Summ       4%         N/A       54%         4
 Iskenderun's Battlesphe  Conj           16%        2d7       63%         5
 Iron Shot                Conj/Erth      5%         9d2       100%        6
 Spellforged Servitor     Conj/Summ      5%         N/A       100%        7


Dungeon Overview and Level Annotations

Branches:
Dungeon (3/15)

Altars:
Xom

Shops:
D:3 ?


Innate Abilities, Weirdness & Mutations

You cannot wear most types of armour.
You are amphibious.
You can wear up to eight rings at the same time.
Your skin changes colour to match your surroundings (Stealth+).
Your rubbery body absorbs attacks. (AC +1, EV +1)
((You are camouflaged when in or above water. (Stealth+)))
You have tentacles for arms and can constrict up to eight enemies at once.


Message History

Unknown command.
Casting: Scorch (safe; 1% risk of failure)
Confirm with . or Enter, or press ? or * to list all spells.
You conjure some foxfire!
Casting: Foxfire (safe; 1% risk of failure)
Confirm with . or Enter, or press ? or * to list all spells.
You can't see any susceptible monsters within range! (Use Z to cast anyway.) Unknown command.
The foxfire hits something. x2
An orc priest comes into view. It is wielding a +0 short sword.
Casting: Foxfire (safe; 1% risk of failure)
Confirm with . or Enter, or press ? or * to list all spells.
You conjure some foxfire!
You hear some strange, mumbled words.
A puff of flame appears from out of thin air!
The puff of flame hits you!
Unknown command.
Casting: Foxfire (safe; 1% risk of failure)
Confirm with . or Enter, or press ? or * to list all spells.
Okay, then.
Your foxfire dissipates!
Something hits you.
* * * LOW HITPOINT WARNING * * *
Something hits you.
* * * LOW HITPOINT WARNING * * *
You hear some strange, mumbled words.
Something tries to affect you, but you resist.
You hear some strange, mumbled words.
You are confused.
You're too confused to move!
A puff of flame appears from out of thin air!
The puff of flame misses you.
You bump into the rock wall.
Something hits you.
* * * LOW HITPOINT WARNING * * *
Magic courses through your body.
You feel less confused.
You hear some strange, mumbled words.
A magic dart appears from out of thin air!
The magic dart hits you.
You die...

#.......#+#.# #..
#.#######†..# #..
##.## ... #.# ##.#
#.# ... #†# #.#
#.# #)##########
#.#
#>.oo{@....#####.#
##########.))))).#
#######.# ..# ####


You could see an orc priest and an orc.

Vanquished Creatures
  4 adders
  2 worms (D:2)
  2 dart slugs
  5 orcs (D:3)
  5 ball pythons
  4 bats
  5 endoplasms
  3 giant cockroaches
  A goblin (D:1)
  6 hobgoblins
  4 frilled lizards
  7 kobolds
  10 rats
58 creatures vanquished.

Vanquished Creatures (others)
  157 foxfires
157 creatures vanquished.

Grand Total: 215 creatures vanquished

Notes
Turn   | Place    | Note
-------+----------+-------------------------------------------
     0 | D:1      | funkygono the Octopode Fire Elementalist began the quest
                  | for the Orb.
     0 | D:1      | Reached XP level 1. HP: 11/11 MP: 3/3
   174 | D:1      | Reached XP level 2. HP: 17/17 MP: 1/5
   177 | D:1      | Learned a level 2 spell: Scorch
   921 | D:1      | Reached XP level 3. HP: 21/21 MP: 2/6
   925 | D:1      | Learned a level 3 spell: Kindle Blastsparks
  1463 | D:2      | Found a faded altar of an unknown god.
  1686 | D:2      | Reached XP level 4. HP: 27/27 MP: 2/8
  2142 | D:2      | Found a shimmering altar of Xom.
  2337 | D:3      | Found Ycvoh's Magic Scroll Emporium.
  2346 | D:3      | Reached skill level 4 in Fire Magic
  2512 | D:3      | Killed from afar by an orc wizard

Illustrated notes

Levels and vault maps discovered:
D:1:      dpeg_arrival_three_smaller_balls, layout_basic
D:2:      layout_loops_ring, basic_altar, nicolae_ecumenical_lake_church,
          minmay_quadrilaterals
D:3:      kennysheep_six_static_rooms, layout_loops_ring, led_sif_book,
          serial_shops, nicolae_shop_behind_doors

Skill      XL: |  1  2  3  4 |
---------------+-------------+-----
Spellcasting   | 3 |  3.1
Fire Magic     | 4 |  4.1
Dodging        | |  2.3
Stealth        | |  2.6
Conjurations   | |  1.9

Action                     |  1- 3 |  4- 6 || total
---------------------------+-------+-------++-------
  Melee: Dagger            |     2 |     1 ||     3
         Constrict         |     1 |       ||     1
         Tentacles         |     1 |       ||     1
   Cast: Foxfire           |    62 |    34 ||    96
         Scorch            |     3 |     4 ||     7
    Use: Potion            |       |     1 ||     1
  Dodge: Dodged            |     5 |     4 ||     9

Table legend: (Time is in decaauts)
 A = Elapsed time spent in this place.
 B = Non-inter-level travel time spent in this place.
 C = Inter-level travel time spent in this place.
 D = Time resting spent in this place.
 E = Time spent auto-exploring this place.
 F = Levels seen in this place.
 G = Mean time per level.
                   A        B        C        D        E       F      G
               +--------+--------+--------+--------+--------+-----+--------+
         Total |   2508 |   2448 |     60 |     82 |   2040 |   3 |  836.0 |
       Dungeon |   2508 |   2448 |     60 |     82 |   2040 |   3 |  836.0 |
               +--------+--------+--------+--------+--------+-----+--------+

Top non-repeatable levels by time:
     D:2: 1198 daAuts
     D:1: 1124 daAuts
     D:3: 185 daAuts
